 Dungeon Crawl Stone Soup version 0.30-a0-585-g93115170b9 (webtiles) character file.

Game seed: 6216798941962274683

371 PyroL the Changer (level 6, -2/38 HPs)
             Began as an Octopode Transmuter on Jan 2, 2023.
             Splashed by a jelly's acid (3 damage)
             ... on level 5 of the Dungeon.
             The game lasted 00:06:41 (3501 turns).

PyroL the Changer (Octopode Transmuter)             Turns: 3501, Time: 00:06:42

Health: -2/38      AC:  2    Str:  9    XL:     6   Next: 70%
Magic:  0/9        EV: 19    Int: 17    God:
Gold:   163        SH:  0    Dex: 18    Spells: 3/9 levels left

rFire   + . .      SeeInvis .      - Unarmed
rCold   . . .      Faith    .    (shield currently unavailable)
rNeg    . . .      Spirit   +    (helmet currently unavailable)
rPois   .          Reflect  .    b - amulet of guardian spirit
rElec   .          Harm     .    j - ring of poison resistance
rCorr   .          Rampage  .    o - ring of wizardry
Will    .....                    p - ring of protection from fire
Stlth   ++                       (no ring)
HPRegen 0.26/turn                (no ring)
MPRegen 0.11/turn                (no ring)
                                 (no ring)
                                 (no ring)

@: spider-form (expiring), wereblooded
A: venomous fangs, almost no armour, (amphibious), 8 rings, tiny, (camouflage
1), (gelatinous body 1), (nimble swimmer 1), (tentacles)
a: End Transformation


You were on level 5 of the Dungeon.
You were a venomous arachnid creature.
You visited 1 branch of the dungeon, and saw 5 of its levels.

You collected 163 gold pieces.

Inventory:

Missiles
 k - 10 poisoned darts
 s - 2 throwing nets
Jewellery
 b - an amulet of guardian spirit (around neck)
 j - a ring of poison resistance (left front leg)
 o - a ring of wizardry (right front leg)
 p - a ring of protection from fire (on tentacle)
Scrolls
 c - a scroll of vulnerability
 e - 3 scrolls of teleportation
 h - a scroll of fog {unknown}
 l - 2 scrolls of fear {unknown}
 m - 2 scrolls of magic mapping {unknown}
 n - a scroll of immolation {unknown}
 q - 2 scrolls of blinking {unknown}
 r - 2 scrolls of noise {unknown}
Potions
 a - 2 potions of lignification
 d - a potion of haste
 f - 7 potions of curing
 g - a potion of heal wounds {unknown}
 i - 2 potions of attraction {unknown}
 t - a potion of flight {unknown}
 u - a potion of degeneration {unknown}


   Skills:
 - Level 1.0 Fighting
 + Level 2.1 Throwing
 - Level 2.0 Dodging
 + Level 3.8 Unarmed Combat
 - Level 2.0 Spellcasting
 - Level 5.2 Transmutations
 - Level 3.0 Poison Magic


You had 3 spell levels left.
You knew the following spells:

 Your Spells              Type           Power      Damage    Failure   Level
a - Beastly Appendage     Tmut           38%        N/A       3%          1
b - Wereblood             Tmut           19%        N/A       4%          2
c - Spider Form           Tmut/Pois      15%        N/A       11%         3

Your spell library contained the following spells:

 Spells                   Type           Power      Damage    Failure   Level
 Gell's Gravitas          Tloc           1%         N/A       38%         3
 Lesser Beckoning         Tloc           2%         N/A       38%         3
 Teleport Other           Tloc           1%         N/A       38%         3
 Ice Form                 Ice/Tmut       10%        N/A       41%         4


Dungeon Overview and Level Annotations

Branches:
Dungeon (5/15)
 Temple: D:4-7

Altars:
Qazlal

Annotations:
D:5 1 transporter, sokol815's ghost, weakling KoDe


Innate Abilities, Weirdness & Mutations

You are a venomous arachnid creature.
You have poisonous fangs.
You are tiny and dextrous.
Your spellcasting is less reliable in this form.
Your armour is entirely melded.
You are incapable of wielding weapons or throwing items.
You cannot wear most types of armour.
((You are amphibious.))
You can wear up to eight rings at the same time.
((Your skin changes colour to match your surroundings (Stealth+).))
((Your rubbery body absorbs attacks. (AC +1, EV +1)))
((You are camouflaged when in or above water. (Stealth+)))
((You have tentacles for arms and can constrict up to eight enemies at once.))


Message History

The jelly hits you.
You are splashed with acid!
* * * LOW HITPOINT WARNING * * *
The ufetubus closely misses you. The ufetubus completely misses you.
You hit the ufetubus.
The ufetubus is almost dead.
You hiss as the wereblood boils in your veins!
You feel a bit better.
You kill the ufetubus!
The jelly closely misses you.
You hit the worm but do no damage.
The worm is poisoned.
The jelly barely misses you.
You hit the worm.
The worm is lightly wounded.
The worm completely misses you.
You hear a distant slurping noise.
The jelly hits you but does no damage.
You hit the worm.
The worm looks as sick as possible!
The worm is moderately wounded.
Your transformation is almost over.
The jelly hits you.
* * * LOW HITPOINT WARNING * * *
You are splashed with acid!
* * * LOW HITPOINT WARNING * * *
You bite the jelly!
Your front legs burn!
* * * LOW HITPOINT WARNING * * *
The jelly is severely wounded.
The worm misses you. The jelly completely misses you.
You see here a hound corpse.
You hit the worm.
The worm is severely wounded.
The jelly misses you.
You hit the worm.
You feel a bit better.
You kill the worm!
The jelly hits you.
* * * LOW HITPOINT WARNING * * *
You are splashed with acid!
* * * LOW HITPOINT WARNING * * *
You hit the jelly.
Your front legs burn!
You die...

'... #... #...
#...# +###
#...###...###..#
#....#..........
#....#..........
#...s#..........
#...J†..........
#....#†.........
#....#..........
#...###...##.
#...###...##
#..........#
#..........# .
#..........#


You could see a jelly.

Vanquished Creatures
  A howler monkey (D:5)
  A hound (D:5)
  2 orc priests (D:4)
  An iguana (D:5)
  Terence (D:3)
  An orc wizard (D:5)
  Robin (D:2)
  6 adders
  An ufetubus (D:5)
  3 worms
  3 dart slugs
  8 orcs
  4 bats
  6 endoplasms
  5 giant cockroaches
  5 hobgoblins
  5 jackals
  3 kobolds
  4 quokkas
  3 ball pythons
  2 frilled lizards (D:2)
  10 goblins
  4 rats
80 creatures vanquished.

Vanquished Creatures (others)
  7 plants (D:3)
7 creatures vanquished.

Grand Total: 87 creatures vanquished

Notes
Turn   | Place    | Note
-------+----------+-------------------------------------------
     0 | D:1      | PyroL the Octopode Transmuter began the quest for the Orb.
     0 | D:1      | Reached XP level 1. HP: 13/13 MP: 3/3
   221 | D:1      | Noticed a golden eye
   226 | D:1      | Reached skill level 1 in Poison Magic
   232 | D:1      | Found a faded altar of an unknown god.
   234 | D:1      | Noticed a floating eye
   234 | D:1      | Noticed a floating eye
   234 | D:1      | Noticed a golden eye
   250 | D:1      | Reached XP level 2. HP: 15/18 MP: 5/5
   299 | D:1      | Learned a level 2 spell: Wereblood
   697 | D:2      | Noticed Robin
   775 | D:2      | Killed Robin
   776 | D:2      | Reached XP level 3. HP: 12/23 MP: 2/6
   785 | D:2      | Reached skill level 3 in Transmutations
  1057 | D:2      | Reached XP level 4. HP: 26/28 MP: 4/7
  1127 | D:2      | Found a stormy altar of Qazlal.
  1485 | D:3      | Noticed Terence
  1496 | D:3      | Reached skill level 4 in Transmutations
  1577 | D:3      | Reached XP level 5. HP: 31/33 MP: 5/8
  1583 | D:3      | Learned a level 3 spell: Spider Form
  1705 | D:3      | Killed Terence
  2426 | D:4      | Reached skill level 5 in Transmutations
  2785 | D:4      | Reached XP level 6. HP: 37/38 MP: 6/9
  3218 | D:5      | Entered Level 5 of the Dungeon
  3249 | D:5      | Noticed sokol815's ghost (weakling KoDe)
  3250 | D:5      | Found a transporter.
  3299 | D:5      | Reached skill level 1 in Throwing
  3500 | D:5      | HP: 1/38 [acid (7)]
  3501 | D:5      | Splashed by a jelly's acid

Illustrated notes

Levels and vault maps discovered:
D:1:      ncdulo_wetmaze, layout_loops_ring,
          hellmonk_ecumenical_altar_watching_god
D:2:      layout_basic, basic_altar, uniq_robin
D:3:      layout_rooms, serial_bayou, serial_bayou_crossing,
          serial_bayou_pond_d, serial_bayou_lagoon_a, serial_bayou_shore_b,
          uniq_terence
D:4:      layout_basic
D:5:      layout_gridville, gammafunk_ghost_smash

Skill      XL: |  1  2  3  4  5  6 |
---------------+-------------------+-----
Poison Magic   | 1 2 3 |  3.0
Transmutations | 3 4 5 |  5.2
Throwing       | 2 |  2.1
Fighting       | |  1.0
Dodging        | |  2.0
Unarmed Combat | |  3.8
Spellcasting   | |  2.0

Action                   |  1- 3 |  4- 6 || total
-------------------------+-------+-------++-------
Melee: Unarmed           |    67 |   118 ||   185
       Constrict         |    20 |    17 ||    37
       Kick              |    14 |    30 ||    44
       Tentacles         |    10 |    11 ||    21
       Punch             |     2 |     2 ||     4
 Cast: Beastly Appendage |    18 |    28 ||    46
       Wereblood         |     3 |     3 ||     6
       Spider Form       |       |     5 ||     5
  Use: Scroll            |     2 |     3 ||     5
 Stab: Sleeping          |     3 |     6 ||     9
Armor: Skin              |     2 |     8 ||    10
Dodge: Dodged            |    42 |    70 ||   112

Table legend: (Time is in decaauts)
 A = Elapsed time spent in this place.
 B = Non-inter-level travel time spent in this place.
 C = Inter-level travel time spent in this place.
 D = Time resting spent in this place.
 E = Time spent auto-exploring this place.
 F = Levels seen in this place.
 G = Mean time per level.
                   A        B        C        D        E       F      G
               +--------+--------+--------+--------+--------+-----+--------+
         Total |   3489 |   3364 |    125 |    210 |   2503 |   5 |  697.8 |
       Dungeon |   3489 |   3364 |    125 |    210 |   2503 |   5 |  697.8 |
               +--------+--------+--------+--------+--------+-----+--------+

Top non-repeatable levels by time:
     D:4: 1121 daAuts
     D:1: 829 daAuts
     D:3: 717 daAuts
     D:2: 539 daAuts
     D:5: 280 daAuts
